 Dungeon Sprint DCSS version 0.17-a0-1718-g72dbe4d (webtiles) character file.

816 nuthulu the Covert (level 7, 0/32 HPs)
             Began as a Spriggan Enchanter on Aug 26, 2015.
             Was a Follower of Vehumet.
             Killed by vampiric draining
             ... invoked by Josephine
              (6 damage)
             ... in the Dungeon (Sprint III: "The Ten Rune Challenge").
             The game lasted 00:03:55 (613 turns).

nuthulu the Covert (Spriggan Enchanter)              Turns: 613, Time: 00:03:55

Health: 0/32       AC:  3    Str:  4    XL:     7   Next: 62%
Magic:  17/20      EV: 26    Int: 18    God:    Vehumet [*.....]
Gold:   29         SH:  0    Dex: 17    Spells: 6 memorised, 11 levels left

rFire  . . .     SeeInvis +     a - +1 dagger
rCold  . . .     Clarity  .     b - +1 robe
rNeg   . . .     SustAt   .     (shield restricted)
rPois  .         Gourm    .     (helmet restricted)
rElec  .         Spirit   .     (no cloak)
rCorr  .         Warding  .     (gloves unavailable)
rMut   .         NoTele   +     (boots unavailable)
MR     +....                    (no amulet)
Stlth  +++.......               (no ring)
                                (no ring)

@: very quick, somewhat resistant to hostile enchantments, fairly stealthy
A: unfitting armour, see invisible, herbivore 3, speed 3, slow metabolism 2
a: Renounce Religion


You were in the Dungeon.
You worshipped Vehumet.
Vehumet was aware of your devotion.
You were not hungry.

You visited 1 branch You collected 29 gold pieces.

Inventory:

Hand weapons
 a - a +1 dagger (weapon)
Armour
 b - a +1 robe (worn)
Magical devices
 k - a wand of slowing (17)
Scrolls
 i - a scroll of immolation {unknown}
 j - a scroll of blinking
 p - a scroll of magic mapping {unknown}
 q - 2 scrolls of remove curse
Potions
 f - a potion of heal wounds
 g - a potion of haste
 h - 2 potions of magic
 n - 2 potions of flight {unknown}
 r - 2 potions of cure mutation
 s - a potion of might {unknown}
Books
 c - a book of Maledictions

   Spells                             Type                      Level
   a - Corona                         Hexes                        1
   b - Ensorcelled Hibernation        Hexes/Ice                    2
   c - Confuse                        Hexes                        3
   d - Tukima's Dance                 Hexes                        3
   e - Dazzling Spray                 Conjuration/Hexes            3
 e - a book of Annihilations

   Spells                             Type                      Level
   a - Poison Arrow                   Conjuration/Poison           6
   b - Chain Lightning                Conjuration/Air              8
   c - Lehudib's Crystal Spear        Conjuration/Earth            8
   d - Glaciate                       Conjuration/Ice              9
   e - Fire Storm                     Conjuration/Fire             9
Comestibles
 d - a bread ration
 l - a royal jelly
 m - 2 fruits


   Skills:
 + Level 8.0 Short Blades
 + Level 10.7 Dodging
 + Level 11.8 Stealth
 + Level 9.1 Spellcasting
 + Level 2.3 Conjurations
 + Level 9.4 Hexes
 + Level 2.1 Fire Magic


You had 11 spell levels left.
You knew the following spells:

 Your Spells              Type           Power        Failure   Level  Hunger
a - Corona                Hex            #####..      1%          1    None
b - Confuse               Hex            #####...     1%          3    None
c - Ensorcelled Hibernat  Hex/Ice        ####..       1%          2    None
d - Tukima's Dance        Hex            #####...     1%          3    None
e - Dazzling Spray        Conj/Hex       ####....     2%          3    None
f - Flame Tongue          Conj/Fire      ###..        3%          1    None


Dungeon Overview and Level Annotations

Branches:
Dungeon (1/1)

Altars:
Cheibriados
Dithmenos
Elyvilon
Fedhas
Gozag
Kikubaaqudgha
Makhleb
Nemelex Xobeh
Qazlal
Ru
Sif Muna
Vehumet
Xom
Yredelemnul
Zin
The Shining One
Jiyva
Lugonu

Annotations:
D Josephine


Innate Abilities, Weirdness & Mutations

You are tiny and cannot use many weapons and most armour.
You have supernaturally acute eyesight.
You are a herbivore.
You cover ground extremely quickly.
You need consume almost no food.


Message History

The flame tongue hits Josephine.
Josephine is lightly wounded.
Your dagger hits Josephine but does no damage.
Josephine points at you and mumbles some strange words.
The ghostly flame explodes!
The ghostly fireball engulfs you!
Ouch! That really hurt!
* * * LOW HITPOINT WARNING * * *
The ghostly fireball engulfs your dagger.
Your dagger partially resists.
The ghostly fireball engulfs Josephine.
Josephine partially resists.
Your dagger hits Josephine. You barely miss Josephine.
Josephine is moderately wounded.
Your dagger hits Josephine.
Unknown command.
You enter the shallow water.
Moving in this stuff is going to be slow.
Your dagger hits Josephine.
Josephine is infused with unholy energy.
You die...

..#___# #__# ..#)..#
#._# ..###'#+###†##
..#..........#
..'.⌠........#
..#...######'#
..#.⌠.#__#...#+#####
..#...#__#...#.§§§§+
..#'###__#...#.#@§≈#
..#.))#__#...'.#@§§#
..#___#_.'...#.#(§§#
▓▓▓▓▓▓▓▓▓▓▓▓▓▓▓▓▓▓▓▓


You could see Josephine and a friendly dagger.

Vanquished Creatures
  A deep elf priest (D)
  A shadow (D)
  A spatial vortex (D)
  A necrophage (D)
  A water elemental (D)
  A scorpion (D)
  A jelly (D)
  A wizard (D)
  A necromancer (D)
  A kobold demonologist (D)
  A human (D)
  4 rats (D)
15 creatures vanquished.

Vanquished Creatures (others)
  2 draconian scorchers (D)
  3 yaktaurs (D)
  3 plants (D)
8 creatures vanquished.

Grand Total: 23 creatures vanquished

Notes
Turn   | Place    | Note
--------------------------------------------------------------
     0 | D        | nuthulu the Spriggan Enchanter began the quest for the Orb.
     0 | D        | Reached XP level 1. HP: 9/9 MP: 5/5
    32 | D        | Noticed a scorpion
    40 | D        | Killed a scorpion
    40 | D        | Reached skill level 5 in Dodging
    40 | D        | Reached skill level 6 in Stealth
    40 | D        | Reached skill level 5 in Hexes
    40 | D        | Reached XP level 2. HP: 11/13 MP: 4/8
    40 | D        | Reached XP level 3. HP: 13/16 MP: 5/10
    53 | D        | Reached skill level 7 in Stealth
    53 | D        | Reached XP level 4. HP: 10/21 MP: 6/11
   196 | D        | Killed a yaktaur
   243 | D        | Killed a yaktaur
   271 | D        | Killed a white draconian scorcher
   332 | D        | Gained mutation: You are weak. (Str -2) [potion of mutation]
   332 | D        | Gained mutation: Your body sometimes deteriorates upon taking damage. [potion of mutation]
   332 | D        | Gained mutation: You are somewhat resistant to further mutation. [potion of mutation]
   333 | D        | Gained mutation: You have a pair of small horns on your head. [potion of mutation]
   334 | D        | Lost mutation: You have a pair of small horns on your head. [potion of cure mutation]
   334 | D        | Lost mutation: Your body sometimes deteriorates upon taking damage. [potion of cure mutation]
   334 | D        | Lost mutation: You are somewhat resistant to further mutation. [potion of cure mutation]
   334 | D        | Lost mutation: You are weak. (Str -2) [potion of cure mutation]
   341 | D        | Noticed a water elemental
   343 | D        | Killed a water elemental
   343 | D        | Reached skill level 5 in Spellcasting
   348 | D        | Learned a level 3 spell: Confuse
   351 | D        | Learned a level 2 spell: Ensorcelled Hibernation
   355 | D        | Learned a level 3 spell: Tukima's Dance
   359 | D        | Learned a level 3 spell: Dazzling Spray
   361 | D        | Found a radiant altar of Vehumet.
   362 | D        | Found a deep blue altar of Sif Muna.
   362 | D        | Found an ancient bone altar of Kikubaaqudgha.
   362 | D        | Noticed a wizard
   363 | D        | Killed a wizard
   363 | D        | Reached skill level 5 in Short Blades
   363 | D        | Reached skill level 8 in Stealth
   363 | D        | Reached XP level 5. HP: 24/24 MP: 12/14
   372 | D        | Became a worshipper of Vehumet
   380 | D        | Found a glowing silver altar of Zin.
   380 | D        | Found a glowing golden altar of the Shining One.
   380 | D        | Found a white marble altar of Elyvilon.
   380 | D        | Noticed a deep elf priest
   383 | D        | Killed a deep elf priest
   383 | D        | Reached skill level 9 in Dodging
   383 | D        | Reached skill level 10 in Stealth
   383 | D        | Reached XP level 6. HP: 28/28 MP: 14/18
   409 | D        | Found a basalt altar of Yredelemnul.
   409 | D        | Found a snail-covered altar of Cheibriados.
   409 | D        | Found a blossoming altar of Fedhas.
   409 | D        | Noticed a necrophage
   409 | D        | Noticed a necromancer
   419 | D        | Killed a necrophage
   424 | D        | Killed a necromancer
   424 | D        | Acquired Vehumet's first power
   424 | D        | Offered knowledge of Flame Tongue by Vehumet.
   424 | D        | Reached skill level 10 in Dodging
   424 | D        | Reached skill level 11 in Stealth
   424 | D        | Reached skill level 1 in Conjurations
   428 | D        | Learned a level 1 spell: Flame Tongue
   428 | D        | Killed a white draconian scorcher
   524 | D        | Killed a yaktaur
   567 | D        | Noticed a jelly
   568 | D        | Noticed a shadow
   570 | D        | Killed a shadow
   570 | D        | Reached skill level 1 in Fire Magic
   570 | D        | Reached XP level 7. HP: 32/32 MP: 20/20
   577 | D        | Killed a jelly
   592 | D        | Found a stormy altar of Qazlal.
   592 | D        | Found a sacrificial altar of Ru.
   592 | D        | Found a burning altar of Makhleb.
   592 | D        | Found a shimmering altar of Xom.
   593 | D        | Noticed a spatial vortex
   593 | D        | Found a viscous altar of Jiyva.
   593 | D        | Found a shadowy altar of Dithmenos.
   593 | D        | Found a sparkling altar of Nemelex Xobeh.
   593 | D        | Found a corrupted altar of Lugonu.
   593 | D        | Found an opulent altar of Gozag.
   595 | D        | Killed a spatial vortex
   604 | D        | Noticed Josephine
   613 | D        | Killed from afar by Josephine

Vault maps used:
D:        dungeon_sprint_mu

Action                   |  1- 3 |  4- 6 |  7- 9 || total
-------------------------+-------+-------+-------++-------
Melee: Dagger            |    20 |    13 |     7 ||    40
 Cast: Corona            |     1 |       |       ||     1
       Dazzling Spray    |       |     2 |     1 ||     3
       Confuse           |       |     1 |       ||     1
       Flame Tongue      |       |       |     3 ||     3
       Tukima's Dance    |       |       |     1 ||     1
  Use: Potion            |     2 |     3 |       ||     5
       Scroll            |       |     3 |       ||     3
 Stab: Sleeping          |     5 |     5 |     1 ||    11
       Confused          |       |     1 |       ||     1
